 Dungeon Crawl Stone Soup version 0.29.0-5-ge4962eb29e (webtiles) character file.

Game seed: 15800227211711620926

177 sanka the Ruffian (level 5, -8/50 HPs)
             Began as a Troll Cinder Acolyte on Aug 29, 2022.
             Was an Initiate of Okawaru.
             Mangled by a fire elemental (10 damage)
             ... created by the fiery vengeance of Ignis
             ... on level 5 of the Dungeon.
             The game lasted 00:03:36 (2291 turns).

sanka the Ruffian (Troll Cinder Acolyte)            Turns: 2291, Time: 00:03:37

Health: -8/50      AC:  4    Str: 22    XL:     5   Next: 31%
Magic:  5/5        EV:  9    Int: 10    God:    Okawaru [......]
Gold:   210        SH:  0    Dex:  7    Spells: 6/6 levels left

rFire   . . .      SeeInvis .     - Unarmed
rCold   . . .      Faith    .   (no shield)
rNeg    . . .      Spirit   .   a - +0 robe
rPois   .          Reflect  .   (helmet restricted)
rElec   .          Harm     .   (no cloak)
rCorr   +          Rampage  .   (gloves unavailable)
Will    +....                   (boots unavailable)
Stlth   +.........              (no amulet)
HPRegen 0.96/turn               l - ring of resist corrosion
MPRegen 0.09/turn               e - ring of willpower

@: fire susceptible
A: large, unfitting armour, claws 3, regeneration 1, shaggy fur 1, tough skin 1
a: Renounce Religion


You were on level 5 of the Dungeon.
You worshipped Okawaru.
Okawaru was noncommittal.
You visited 1 branch of the dungeon, and saw 5 of its levels.

You collected 210 gold pieces.


Innate Abilities, Weirdness & Mutations

You are too large for most types of armour.
You have claws for hands.
Your natural rate of healing is unusually fast.
You are covered in fur. (AC +1)
You have tough skin. (AC +1)


   Skills:
 - Level 2.4 Fighting
 + Level 6.1 Unarmed Combat
 - Level 1.0 Spellcasting
 - Level 2.1 Fire Magic


You had 6 spell levels left.
You didn't know any spells.
Your spell library contained the following spells:

 Spells                   Type           Power      Damage    Failure   Level
 Scorch                   Fire           8%         2d5       22%         2
 Sublimation of Blood     Necr           0%         N/A       45%         2
 Wereblood                Tmut           0%         N/A       45%         2
 Summon Hydra             Summ           Unusable   N/A       N/A         7

Inventory:

Armour
 a - a +0 robe (worn)
Jewellery
 e - a ring of willpower (right claw)
 l - a ring of resist corrosion (left claw)
Scrolls
 b - 3 scrolls of teleportation {@r4}
 c - a scroll of butterflies {unknown}
 f - 2 scrolls of poison {!r}
 g - 2 scrolls of enchant armour
 i - a scroll of vulnerability {!r}
 m - a scroll of magic mapping {unknown}
 o - a scroll of fear
 p - a scroll of identify {@r1}
Potions
 d - 2 potions of mutation {unknown}
 h - a potion of brilliance {unknown}
 j - 3 potions of attraction {unknown}
 k - 2 potions of lignification {unknown}
 n - 2 potions of curing {unknown}
 q - a potion of heal wounds {unknown}
 r - 2 potions of might {unknown}
 s - a potion of cancellation {unknown}

Dungeon Overview and Level Annotations

Branches:
Dungeon (5/15)
 Temple: D:4-7

Altars:
Gozag
Okawaru
Sif Muna

Shops:
D:2

=
▒▒▒▒▒▒.▒▒
▒T.......
▒E▒▒▒.▒.▒
▒.. ▒▒▒▒


You could see a fire elemental.


Message History

"Burn!
Burn until nothing is left!" 2 fire elementals come into view.
You barely miss the fire elemental. The fire elemental hits you.
The fire elemental burns you! The fire elemental hits you.
The fire elemental burns you!
You closely miss the fire elemental. Your claw misses the fire elemental.
The fire elemental misses you.
You scratch the fire elemental.
The fire elemental is lightly damaged.
The fire elemental hits you. The fire elemental burns you!
* * * LOW HITPOINT WARNING * * *
The fire elemental hits you. The fire elemental burns you!
* * * LOW HITPOINT WARNING * * *
There is a stone staircase leading down here.
The fire elemental hits you. The fire elemental burns you!
* * * LOW HITPOINT WARNING * * *
You climb downwards.
There is a stone staircase leading up here.
Unknown command.
You miss the fire elemental.
The fire elemental is lightly damaged.
The fire elemental hits you. The fire elemental burns you!
You die...

Action                   |  1- 3 |  4- 6 || total
-------------------------+-------+-------++-------
Melee: Unarmed           |   110 |    63 ||   173
       Punch             |       |     1 ||     1
  Use: Scroll            |       |     5 ||     5
Armor: Robe              |    39 |    13 ||    52
Dodge: Dodged            |    70 |    18 ||    88

Levels and vault maps discovered:
D:1:      dpeg_arrival_tiny_c, layout_loops_corners
D:2:      layout_rooms, serial_shops, shop_statue
D:3:      layout_rooms, minitemple, mainiacjoe_overflow_catwalk,
          shapermc_ecumenical_altar_gd, kennysheep_generic_room_5
D:4:      layout_cave_pods, lightli_sewer_entry_pipes, serial_shops, shop,
          uniq_natasha
D:5:      layout_basic, mainiacjoe_overflow_small_starburst,
          minmay_temple_entry_gardened_gates, serial_shops, shop,
          nicolae_elemental_shop, minmay_misc_feat_chi

Notes
Turn   | Place    | Note
-------+----------+-------------------------------------------
     0 | D:1      | sanka the Troll Cinder Acolyte began the quest for the Orb.
     0 | D:1      | Reached XP level 1. HP: 22/22 MP: 1/1
   114 | D:1      | Reached XP level 2. HP: 24/29 MP: 2/2
   652 | D:1      | Reached skill level 4 in Unarmed Combat
   759 | D:1      | Reached XP level 3. HP: 35/36 MP: 3/3
  1041 | D:2      | Found Anongezu's Jewellery Boutique.
  1131 | D:2      | Reached XP level 4. HP: 43/44 MP: 4/4
  1342 | D:2      | Reached skill level 5 in Unarmed Combat
  1476 | D:3      | Found a faded altar of an unknown god.
  1559 | D:3      | Found an opulent altar of Gozag.
  2046 | D:3      | Found an iron altar of Okawaru.
  2057 | D:3      | Found a shimmering blue altar of Sif Muna.
  2066 | D:3      | Fell from the grace of Ignis
  2066 | D:3      | Became a worshipper of Warmaster Okawaru
  2160 | D:4      | Reached XP level 5. HP: 48/50 MP: 5/5
  2169 | D:4      | Reached skill level 6 in Unarmed Combat
  2280 | D:4      | Noticed a fire elemental
  2280 | D:4      | Noticed a fire elemental
  2289 | D:4      | HP: 1/50 [fire elemental[the fiery vengeance of Ignis]
                  | (11)]
  2290 | D:5      | Entered Level 5 of the Dungeon
  2291 | D:5      | Mangled by a fire elemental

Vanquished Creatures
  An orc priest (D:4)
  An orc wizard (D:4)
  4 adders
  2 worms
  2 dart slugs (D:2)
  7 orcs
  4 endoplasms
  7 goblins
  7 hobgoblins
  10 jackals
  6 kobolds
  A quokka (D:1)
  5 ball pythons
  3 bats
  7 rats
67 creatures vanquished.

Vanquished Creatures (others)
  A fungus (D:3)
  A plant (D:3)
2 creatures vanquished.

Grand Total: 69 creatures vanquished
